 Dungeon Crawl Stone Soup version 0.29.1-15-g9cfb28693d (webtiles) character file.

Game seed: 15703176349177919565

67 vishdafish the Conjurer (level 4, 30/30 HPs)
             Began as a Demonspawn Conjurer on Mar 29, 2023.
             Quit the game on level 2 of the Dungeon.
             The game lasted 00:02:03 (1985 turns).

vishdafish the Conjurer (Demonspawn Conjurer)       Turns: 1985, Time: 00:02:03

Health: 30/30      AC:  3    Str:  7    XL:     4   Next: 0%
Magic:  4/8        EV: 12    Int: 22    God:
Gold:   29         SH:  0    Dex: 11    Spells: 8/9 levels left

rFire   . . .      SeeInvis .   c - +0 spear
rCold   . . .      Faith    .   (no shield)
rNeg    . . .      Spirit   .   a - +0 robe
rPois   .          Reflect  .   (no helmet)
rElec   .          Harm     .   (no cloak)
rCorr   .          Rampage  .   (no gloves)
Will    .....                   (no boots)
Stlth   ++........              (no amulet)
HPRegen 0.10/turn               (no ring)
MPRegen 0.11/turn               (no ring)

@: no status effects
A: hooves 1, powered by pain 1, sharp scales 1
a: no special abilities


You were on level 2 of the Dungeon.
You visited 1 branch of the dungeon, and saw 2 of its levels.

You collected 29 gold pieces.

Inventory:

Hand Weapons
 c - a +0 spear (weapon)
Missiles
 d - 3 silver javelins
Armour
 a - a +0 robe (worn)
 f - a +0 cloak
Scrolls
 e - a scroll of teleportation {unknown}
 g - a scroll of identify {unknown}
Potions
 h - a potion of curing {unknown}


   Skills:
 - Level 2.0 Dodging
 - Level 2.0 Stealth
 + Level 3.0 Spellcasting
 + Level 4.7 Conjurations


You had 8 spell levels left.
You knew the following spells:

 Your Spells              Type           Power      Damage    Failure   Level
a - Magic Dart            Conj           96%        1d7       1%          1

Your spell library contained the following spells:

 Spells                   Type           Power      Damage    Failure   Level
 Searing Ray              Conj           48%        2d6       2%          2
 Dazzling Flash           Conj/Hex       26%        N/A       14%         3
 Blink                    Tloc           6%         N/A       19%         2
 Fulminant Prism          Conj/Hex       6%         3d7       43%         4
 Iskenderun's Mystic Bla  Conj/Tloc      13%        2d5       43%         4
 Manifold Assault         Tloc           3%         N/A       98%         5
 Storm Form               Tmut/Air       1%         N/A       100%        7


Dungeon Overview and Level Annotations

Branches:
Dungeon (2/15)

Altars:


Innate Abilities, Weirdness & Mutations

You have large cloven feet.
You sometimes gain a little power by taking damage.
You are partially covered in razor-sharp scales. (AC +1, Slay +1)


Message History

There is a stone staircase leading down here.
You can't see any susceptible monsters within range! (Use Z to cast anyway.) Magic restored.
HP restored.
Done exploring.
You climb downwards.
The gnoll barely misses you. x2
There is a stone staircase leading up, spattered with blood here.
The gnoll barely misses you.
You climb upwards.
There is a stone staircase leading down here.
The magic dart hits the gnoll.
The gnoll is moderately wounded.
The gnoll hits you with a +0 whip.
The magic dart hits the gnoll.
The gnoll is heavily wounded.
The gnoll hits you with a +0 whip.
The magic dart hits the gnoll.
The gnoll is severely wounded.
The gnoll completely misses you.
The magic dart hits the gnoll.
You kill the gnoll!
You can't see any susceptible monsters within range! (Use Z to cast anyway.) Magic restored.
HP restored.
Done exploring.
You climb downwards.
There is a stone staircase leading up, spattered with blood here.
The magic dart hits the gnoll.
The gnoll is lightly wounded.
The gnoll barely misses you.
The magic dart hits the gnoll!
The gnoll is severely wounded.
The gnoll closely misses you.
The magic dart hits the gnoll.
You kill the gnoll!
Your Spellcasting skill increases to level 3!
You have reached level 4!
You feel clever.
Your demonic ancestry asserts itself...
You feel energised by your suffering.
Are you sure you want to abandon this character and quit the game? (Confirm with "yes".)

#...# ##.## ###...###...## #.#
...... ..... ...#
#####.#.###...####..##.########
..$...÷..g..................<..
.......)## #g# #..# .#.###....
####.##..# #.# #..##.#.###.###
##.# #)####.....#.....# #
###g###..@÷...#######..#
#.#.....######.....#....##
#.#.###.########.#.#..#.# ...
#...g....#.#.#....#
###.###.######g#.#....###
#.....# #.#g###..# ###.###
#.#.# #..# #.# #.#.###..# #.#
#.....#..#


There were no monsters in sight!

Vanquished Creatures
  3 gnolls
  A dart slug (D:1)
  3 ball pythons (D:1)
  5 bats
  2 endoplasms (D:1)
  2 giant cockroaches (D:1)
  6 goblins (D:1)
  4 hobgoblins
  4 quokkas (D:1)
  A frilled lizard (D:1)
  2 rats (D:1)
33 creatures vanquished.

Vanquished Creatures (others)
  8 fungi (D:2)
8 creatures vanquished.

Grand Total: 41 creatures vanquished

Notes
Turn   | Place    | Note
-------+----------+-------------------------------------------
     0 | D:1      | vishdafish the Demonspawn Conjurer began the quest for the
                  | Orb.
     0 | D:1      | Reached XP level 1. HP: 13/13 MP: 3/3
   374 | D:1      | Gained mutation: You are partially covered in razor-sharp
                  | scales. (AC +1, Slay +1) [demonic ancestry]
   374 | D:1      | Reached XP level 2. HP: 13/19 MP: 0/5
   888 | D:1      | Gained mutation: You have large cloven feet. [demonic
                  | ancestry]
   888 | D:1      | Reached XP level 3. HP: 24/24 MP: 4/6
  1434 | D:1      | Found a faded altar of an unknown god.
  1985 | D:2      | Gained mutation: You sometimes gain a little power by
                  | taking damage. [demonic ancestry]
  1985 | D:2      | Reached XP level 4. HP: 30/30 MP: 4/8
  1985 | D:2      | Quit the game

Illustrated notes

Levels and vault maps discovered:
D:1:      zaba_arrival_water, layout_basic,
          shapermc_ecumenical_altar_mp_urbaneastern, minmay_misc_feat_room,
          kennysheep_doodads
D:2:      layout_loops_ring, dreamdust_mushroom_princess, uniq_jessica

Skill      XL: |  1  2  3 |
---------------+----------+-----
Stealth        | 2 |  2.0
Dodging        | 2 |  2.0
Spellcasting   | 3 |  3.0
Conjurations   | |  4.7

Action                   |  1- 3 |  4- 6 || total
-------------------------+-------+-------++-------
Melee: Spear             |    12 |       ||    12
 Cast: Magic Dart        |    66 |       ||    66
  Use: Potion            |     1 |       ||     1
Armor: Robe              |     2 |       ||     2
Dodge: Dodged            |    24 |       ||    24
